[Event "Thursday 11 January Rapid Engine Tour 12+1 Rounds 9 Starts 1600 ST"]
[Site "Infinity Chess"]
[Date "2018.1.11"]
[Round "5"]
[White "Harry_Potter"]
[Black "Gilgamesch"]
[Result "1/2-1/2 "]
[ECO "C65"]
[WhiteElo "2525"]
[BlackElo "2505"]
[WhiteEngine "asmFishW_2018-01-11_bmi2_CTG"]
[BlackEngine "BrainFish_171005_x64_bmi2"]
[EventType "Swiss"]
[WhiteTeam ""]
[BlackTeam ""]
[PlyCount "187"]
[TimeControl "720+1"]

1. e4 e5 2. Nf3 Nc6 3. Bb5 Nf6 4. d3 Bc5 5. c3 O-O 6. O-O d6 7. h3 Bb6 
8. Re1 Ne7 9. d4 d5 10. Nxe5 Nxe4 11. Nd2 Nd6 12. Bd3 f6 13. Nef3 Bf5 
14. Nf1 Bxd3 15. Qxd3 Ng6 16. h4 Ne4 17. Re2 Re8 18. h5 Nf8 19. h6 g6 
20. Bf4 Ne6 21. Bh2 c6 22. N1d2 f5 23. Rae1 Rc8 24. Ne5 c5 25. Nef3 Bc7 
26. Bxc7 Rxc7 27. Qe3 c4 28. Nxe4 fxe4 29. Ne5 Rf8 30. f3 Nf4 31. fxe4 Nxe2+ 
32. Qxe2 dxe4 33. Qxe4 Qf6 34. Nf3 Qd6 35. Ng5 Rd7 36. Qe5 Qxe5 37. Rxe5 b6 
38. g4 Rfd8 39. Ne6 Re8 40. Kf2 Rf7+ 41. Ke3 Rf1 42. Ke4 Rh1 43. Kd5 Rxh6 
44. Kd6 Kf7 45. Ng5+ Kf8 46. Ne6+ Kf7 47. g5 Rh2 48. Kd7 Re7+ 49. Kd6 Re8 
50. Re4 b5 51. Rf4+ Kg8 52. Kd7 Ra8 53. d5 Rxb2 54. d6 Rxa2 55. Ke7 Rd2 
56. d7 a5 57. d8=R+ Rdxd8 58. Nxd8 h6 59. gxh6 b4 60. h7+ Kxh7 61. cxb4 axb4 
62. Rxc4 b3 63. Rh4+ Kg8 64. Ne6 b2 65. Rb4 b1=Q 66. Rxb1 Ra2 67. Rb4 Rf2 
68. Rg4 Kh7 69. Nf8+ Kh6 70. Rxg6+ Kh5 71. Rg1 Re2+ 72. Ne6 Ra2 73. Kf6 Ra4 
74. Kf5 Ra5+ 75. Ke4 Kh6 76. Nf4 Ra4+ 77. Ke5 Ra2 78. Kf6 Ra6+ 79. Ke5 Ra2 
80. Kf6 Ra6+ 81. Kf5 Ra5+ 82. Ke4 Ra2 83. Kd3 Ra4 84. Rg6+ Kh7 85. Rf6 Kg8 
86. Ne6 Ra1 87. Rf8+ Kh7 88. Rf6 Rd1+ 89. Ke3 Ra1 90. Nf4 Ra3+ 91. Kd2 Ra1 
92. Ke3 Ra3+ 93. Kd2 Ra1 94. Ne6 1/2-1/2

[Event "Thursday 11 January Rapid Engine Tour 12+1 Rounds 9 Starts 1600 ST"]
[Site "Infinity Chess"]
[Date "2018.1.11"]
[Round "5"]
[White "Wolle"]
[Black "THE_MACHINE"]
[Result "1/2-1/2"]
[ECO "C50"]
[WhiteElo "2466"]
[BlackElo "2517"]
[WhiteEngine "Raubfisch X37a2_CTG"]
[BlackEngine "Houdini 6"]
[EventType "Swiss"]
[WhiteTeam ""]
[BlackTeam ""]
[PlyCount "73"]
[TimeControl "720+1"]

1. e4 e5 2. Nf3 Nc6 3. Bc4 Bc5 4. O-O Nf6 5. d3 d6 6. c3 O-O 7. h3 a5 
8. Nbd2 Ba7 9. Re1 Be6 10. Bb5 Ne7 11. d4 Ng6 12. Ba4 Nh5 13. Nf1 exd4 
14. cxd4 Nhf4 15. Bc2 d5 16. Bxf4 Nxf4 17. e5 f6 18. Qd2 fxe5 19. Rxe5 Bd7 
20. Rae1 c6 21. N1h2 Bb8 22. R5e3 a4 23. Ne5 Bc7 24. Nxd7 Qxd7 25. Qd1 Ba5 
26. Rf1 Bc7 27. Nf3 b5 28. Ne5 Bxe5 29. Rxe5 Rf6 30. Qd2 Raf8 31. Rfe1 Nxh3+ 
32. gxh3 Qxh3 33. Re8 Qg4+ 34. Kf1 Qh3+ 35. Kg1 Qg4+ 36. Kf1 Qh3+ 37. Kg1 
1/2-1/2

[Event "Thursday 11 January Rapid Engine Tour 12+1 Rounds 9 Starts 1600 ST"]
[Site "Infinity Chess"]
[Date "2018.1.11"]
[Round "4"]
[White "SkyPilot"]
[Black "MarioDeMonti"]
[Result "1/2-1/2"]
[ECO "C55"]
[WhiteElo "2443"]
[BlackElo "2395"]
[WhiteEngine "stockfish_x64_bmi2_2018_01_01_CTG"]
[BlackEngine "stockfish_x64_bmi2_2018_01_01_CTG"]
[EventType "Swiss"]
[WhiteTeam ""]
[BlackTeam ""]
[PlyCount "124"]
[TimeControl "720+1"]

1. e4 e5 2. Nf3 Nc6 3. Bc4 Nf6 4. d3 Bc5 5. c3 d6 6. O-O O-O 7. Bg5 h6 8. Bh4 a6 
9. Nbd2 Ba7 10. Bb3 g5 11. Bg3 Na5 12. Ba4 Nh5 13. b4 Nxg3 14. hxg3 b5 
15. Bc2 Nc6 16. a4 Bd7 17. Re1 Qf6 18. Qe2 g4 19. Nh4 Ne7 20. Nf1 c5 
21. bxc5 Bxc5 22. Ne3 h5 23. Qd2 Rfb8 24. axb5 axb5 25. Rxa8 Rxa8 26. Bb3 Bb6 
27. Rd1 Kf8 28. Rf1 Rc8 29. Qb2 Kg7 30. Qa1 Kg8 31. Nd5 Nxd5 32. Bxd5 Be6 
33. Qa6 Rb8 34. Bxe6 fxe6 35. Kh2 Bc5 36. Qa2 Re8 37. Qb2 Be3 38. Qxb5 Rd8 
39. d4 Bg5 40. Kg1 Rf8 41. dxe5 Qxe5 42. Qd3 Rc8 43. Ng6 Qf6 44. e5 dxe5 
45. Qe4 Qf5 46. Qb7 Re8 47. Nh4 Bxh4 48. gxh4 Rf8 49. Qb5 Kg7 50. Qd7+ Rf7 
51. Qd1 e4 52. Qd4+ Qf6 53. Qxe4 Qxc3 54. g3 Rf3 55. Re1 Qc5 56. Qe5+ Qxe5 
57. Rxe5 Kg6 58. Rxe6+ Rf6 59. Re3 Rf7 60. Kg2 Kf6 61. Ra3 Re7 62. Rc3 Re1 
1/2-1/2

[Event "Thursday 11 January Rapid Engine Tour 12+1 Rounds 9 Starts 1600 ST"]
[Site "Infinity Chess"]
[Date "2018.1.11"]
[Round "4"]
[White "CrossingJordan"]
[Black "Satria_Ungu"]
[Result "1/2-1/2"]
[ECO "C55"]
[WhiteElo "2416"]
[BlackElo "2383"]
[WhiteEngine "asmFishW_2017-12-20_bmi2_CTG"]
[BlackEngine "Houdini 6"]
[EventType "Swiss"]
[WhiteTeam ""]
[BlackTeam ""]
[PlyCount "221"]
[TimeControl "720+1"]

1. e4 e5 2. Nf3 Nc6 3. Bc4 Nf6 4. d3 Bc5 5. O-O O-O 6. c3 d6 7. Nbd2 h6 
8. b4 Bb6 9. a4 a5 10. b5 Ne7 11. h3 c6 12. bxc6 bxc6 13. d4 Ng6 14. dxe5 dxe5 
15. Ba3 c5 16. Re1 Rb8 17. Qc2 Qc7 18. Rad1 Bb7 19. Nf1 Rfd8 20. Ng3 Bc6 
21. Bc1 Qc8 22. Be3 Rxd1 23. Rxd1 Bc7 24. Bxc5 Qe8 25. Ra1 Nf4 26. Nd2 Qd7 
27. Kh2 Rd8 28. Be3 Nh7 29. Nf3 Nf6 30. Ne1 g6 31. f3 Kg7 32. Qa2 Rb8 
33. Nh1 Bb6 34. Bxb6 Rxb6 35. Nf2 Qb7 36. Ned3 Nxd3 37. Nxd3 Qc7 38. Bb5 Bxb5 
39. axb5 Rxb5 40. c4 Rb7 41. Qxa5 Qxc4 42. Nxe5 Qd4 43. Rc1 Nd7 44. Nc4 Ra7 
45. Rd1 Qxd1 46. Qxa7 Qd3 47. h4 Qxc4 48. Qxd7 Qc3 49. Qd5 h5 50. Qd6 Qc4 
51. Qe5+ Kh7 52. Qe7 Kg7 53. Qe5+ Kh7 54. Kh3 Qc2 55. Kg3 Qd2 56. Kh2 Qd8 
57. Qf4 Kg8 58. Kg3 Qd3 59. Qc1 Qd6+ 60. Qf4 Qd3 61. e5 Qc3 62. Qg5 Qc5 
63. Qf6 Qc3 64. Kh3 Qc8+ 65. Kh2 Qc5 66. Kg3 Qc3 67. Kh2 Qd3 68. Qd6 Qc4 
69. Qf6 Qd3 70. Qe7 Qd4 71. Kh3 Qc4 72. Kg3 Qc3 73. Qd8+ Kg7 74. Qg5 Qc5 
75. Kh2 Kg8 76. Qd8+ Kg7 77. Qd6 Qc4 78. Qf6+ Kg8 79. Qd8+ Kg7 80. Qf6+ Kg8 
81. Qd8+ Kg7 82. Qg5 Kh7 83. Kg1 Qc5+ 84. Kh1 Qb4 85. Kh2 Qc4 86. Kg3 Qc3 
87. Kh3 Qc8+ 88. Kg3 Qc3 89. Qe7 Kg8 90. Qe8+ Kg7 91. Kh3 Qc4 92. Qd7 Qc5 
93. Qe8 Qg1 94. Qe7 Qh1+ 95. Kg3 Qe1+ 96. Kh2 Qe2 97. Qg5 Qe1 98. Qf4 Kg8 
99. Qe4 Qd2 100. Qc4 Qd7 101. Kg3 Qd1 102. Qc8+ Kg7 103. Qc3 Kg8 104. Qc8+ Kg7 
105. Qc3 Kh7 106. Kf4 Kg8 107. Kg3 Kh7 108. Qc4 Qe1+ 109. Kh3 Qh1+ 110. Kg3 Qe1+ 
111. Kh2 1/2-1/2

[Event "Thursday 11 January Rapid Engine Tour 12+1 Rounds 9 Starts 1600 ST"]
[Site "Infinity Chess"]
[Date "2018.1.11"]
[Round "4"]
[White "miguello"]
[Black "ocirema"]
[Result "1/2-1/2"]
[ECO "D30"]
[WhiteElo "2402"]
[BlackElo "2409"]
[WhiteEngine "asmFishW_2017-11-19_popcnt_CTG"]
[BlackEngine "stockfish_18010422_x64_modern_CTG"]
[EventType "Swiss"]
[WhiteTeam ""]
[BlackTeam ""]
[PlyCount "45"]
[TimeControl "720+1"]

1. d4 d5 2. c4 e6 3. Nf3 Nf6 4. Nc3 Be7 5. Bf4 O-O 6. e3 Nbd7 7. c5 Nh5 
8. Bd3 Nxf4 9. exf4 b6 10. b4 a5 11. a3 c6 12. O-O Ba6 13. Bxa6 Rxa6 14. Qe2 Ra7 
15. b5 Rc7 16. f5 exf5 17. bxc6 Nf6 18. cxb6 Rxc6 19. Na4 Rc4 20. Nb2 Rc6 
21. Na4 Rc4 22. Nb2 Rc6 23. Na4 1/2-1/2

[Event "Thursday 11 January Rapid Engine Tour 12+1 Rounds 9 Starts 1600 ST"]
[Site "Infinity Chess"]
[Date "2018.1.11"]
[Round "4"]
[White "IronMan"]
[Black "angriff"]
[Result "1/2-1/2"]
[ECO "A32"]
[WhiteElo "2417"]
[BlackElo "2411"]
[WhiteEngine "Stockfish SL FA PB BMI2"]
[BlackEngine "SF_64BIT_POPCNT_CTG"]
[EventType "Swiss"]
[WhiteTeam ""]
[BlackTeam ""]
[PlyCount "111"]
[TimeControl "720+1"]

1. c4 c5 2. Nc3 g6 3. e3 Nf6 4. d4 cxd4 5. exd4 d5 6. Qb3 e6 7. Nf3 dxc4 
8. Bxc4 Bg7 9. d5 exd5 10. Nxd5 Nxd5 11. Bxd5 O-O 12. O-O Nc6 13. Ng5 Qf6 
14. Rd1 h6 15. Ne4 Qe5 16. Be3 Ne7 17. Nc3 Nxd5 18. Bd4 Qg5 19. Nxd5 Bxd4 
20. Rxd4 Be6 21. h4 Bxd5 22. Qxd5 Qxd5 23. Rxd5 Rac8 24. Rd7 Rc2 25. Rxb7 Rd8 
26. Rf1 Rdd2 27. Rxa7 Rxb2 28. a4 Kg7 29. a5 Ra2 30. Kh2 Ra4 31. g3 Rda2 
32. Kg2 Rxa5 33. Rxa5 Rxa5 34. Rb1 h5 35. Rb3 Ra2 36. Kf3 Kf6 37. Rb6+ Kg7 
38. Kg2 Ra1 39. Kf3 Ra2 40. Rb7 Ra4 41. Kg2 Ra2 42. Rb6 Kh6 43. Kf3 Kh7 
44. Rb7 Kg7 45. Rb3 Kf6 46. Ke3 Kg7 47. f3 Ra7 48. f4 Ra8 49. Rc3 Re8+ 
50. Kf3 Ra8 51. Rc6 Ra2 52. Rc3 Kf6 53. Rb3 Kg7 54. Rc3 Ra6 55. Re3 Ra2 56. Rc3 
1/2-1/2

[Event "Thursday 11 January Rapid Engine Tour 12+1 Rounds 9 Starts 1600 ST"]
[Site "Infinity Chess"]
[Date "2018.1.11"]
[Round "4"]
[White "NINJA_JENGKA"]
[Black "Klaus"]
[Result "1/2-1/2"]
[ECO "D02"]
[WhiteElo "2415"]
[BlackElo "2421"]
[WhiteEngine "Houdini 6_CTG"]
[BlackEngine "asmFishW_2017-11-19_bmi2_CTG"]
[EventType "Swiss"]
[WhiteTeam ""]
[BlackTeam ""]
[PlyCount "124"]
[TimeControl "720+1"]

1. d4 d5 2. Nf3 Nf6 3. c4 e6 4. Nc3 c6 5. e3 Nbd7 6. Qc2 Bd6 7. Bd3 O-O 
8. O-O dxc4 9. Bxc4 b5 10. Be2 Bb7 11. e4 e5 12. a3 Re8 13. Be3 a5 14. Rad1 exd4 
15. Nxd4 Qb8 16. g3 g6 17. Qd2 Be5 18. f4 Bxd4 19. Bxd4 b4 20. f5 bxc3 
21. Qh6 Ba6 22. Bxc3 Qa7+ 23. Kh1 Ne5 24. Bxa6 Nfg4 25. Qf4 Qxa6 26. h3 h6 
27. hxg4 g5 28. Qd2 Nxg4 29. Rfe1 f6 30. e5 fxe5 31. Qd6 Qb7 32. Qg6+ Qg7 
33. Rd6 Qxg6 34. Rxg6+ Kf7 35. Kg2 Rad8 36. Kf3 h5 37. Rxg5 Rd3+ 38. Kg2 Rh8 
39. Rg6 Ne3+ 40. Kh1 Ng4 41. a4 Re8 42. Kg2 Ne3+ 43. Kh2 Ng4+ 44. Kh3 Rf3 
45. Re2 Ne3 46. Rd2 Nxf5 47. Rxc6 Rxg3+ 48. Kh2 Re6 49. Rxe6 Kxe6 50. Re2 Re3 
51. Rxe3 Nxe3 52. Bxa5 e4 53. Kg3 Nd1 54. b3 e3 55. Kf3 h4 56. Be1 Ke5 
57. a5 Kd5 58. b4 Kc6 59. Bxh4 Nc3 60. b5+ Kxb5 61. Be1 e2 62. Bxc3 e1=B 1/2-1/2

[Event "Thursday 11 January Rapid Engine Tour 12+1 Rounds 9 Starts 1600 ST"]
[Site "Infinity Chess"]
[Date "2018.1.11"]
[Round "4"]
[White "KULLANI"]
[Black "CrapCleaner"]
[Result "1/2-1/2"]
[ECO "C50"]
[WhiteElo "2422"]
[BlackElo "2424"]
[WhiteEngine "BrainFish_180106_x64_CTG"]
[BlackEngine "Raubfisch X37b1._zag_CTG"]
[EventType "Swiss"]
[WhiteTeam ""]
[BlackTeam ""]
[PlyCount "96"]
[TimeControl "720+1"]

1. e4 e5 2. Nf3 Nc6 3. Bc4 Bc5 4. O-O Nf6 5. d3 d6 6. c3 O-O 7. Bg5 h6 8. Bh4 a5 
9. a4 Be6 10. Nbd2 Rb8 11. Bg3 Ba7 12. h3 Qe7 13. Bb5 g5 14. Kh1 Nh5 15. Nh2 Ng7 
16. Ng4 h5 17. Ne3 Qf6 18. Qe2 Ne7 19. Bh2 Qg6 20. Bc4 Bxe3 21. fxe3 g4 
22. Bxe6 Nxe6 23. Bg3 f5 24. Bh4 Rbe8 25. Bxe7 Rxe7 26. exf5 Rxf5 27. Rxf5 Qxf5 
28. Rf1 Qg6 29. Ne4 Rf7 30. Rxf7 Kxf7 31. hxg4 hxg4 32. Qf2+ Kg7 33. Qg3 Qh5+ 
34. Kg1 Qf5 35. Qh4 Kg6 36. b3 d5 37. Nf2 Qg5 38. Qg3 d4 39. exd4 exd4 
40. cxd4 Nxd4 41. Qxc7 g3 42. Nd1 Qh4 43. Qd6+ Kf7 44. Qd5+ Ke8 45. Qe5+ Kd7 
46. Qd5+ Ke8 47. Qe5+ Kd7 48. Qd5+ Ke8 1/2-1/2

[Event "Thursday 11 January Rapid Engine Tour 12+1 Rounds 9 Starts 1600 ST"]
[Site "Infinity Chess"]
[Date "2018.1.11"]
[Round "4"]
[White "Prometheus"]
[Black "KillBill2017"]
[Result "1/2-1/2"]
[ECO "E40"]
[WhiteElo "2428"]
[BlackElo "2422"]
[WhiteEngine "Eman 1.58-64bit-IDeA"]
[BlackEngine "Raubfisch ME262_GTZ16b1._CTG"]
[EventType "Swiss"]
[WhiteTeam ""]
[BlackTeam ""]
[PlyCount "108"]
[TimeControl "720+1"]

1. d4 Nf6 2. c4 e6 3. Nc3 Bb4 4. e3 O-O 5. Qc2 c5 6. dxc5 Bxc5 7. Nf3 d5 
8. a3 dxc4 9. Bxc4 Nbd7 10. O-O a6 11. Ne4 Nxe4 12. Qxe4 Nf6 13. Qb1 Bd6 
14. b4 b5 15. Bd3 Bb7 16. Bb2 Bxf3 17. gxf3 Qe7 18. Rc1 Rad8 19. Rc6 Qd7 
20. Be4 Nxe4 21. Qxe4 f5 22. Qd4 Qe7 23. Qc3 h6 24. Kf1 Kh7 25. Rxa6 e5 
26. Rd1 Bb8 27. Rd3 Qh4 28. Rxd8 Rxd8 29. Ke2 Qg5 30. Rb6 e4 31. h3 Qg2 
32. Qxg7+ Qxg7 33. Bxg7 Kxg7 34. Rxb5 Rc8 35. fxe4 fxe4 36. a4 Bd6 37. Rb6 Be7 
38. a5 Rc2+ 39. Kd1 Ra2 40. Kc1 Kf7 41. a6 Bh4 42. Kb1 Ra4 43. Kb2 Bxf2 
44. Kb3 Ra1 45. Rxh6 Bxe3 46. Rh4 Rxa6 47. Rxe4 Bc1 48. Kc2 Bg5 49. Kd3 Rh6 
50. Re1 Rh4 51. Re4 Rxe4 52. Kxe4 Ke6 53. Kf3 Bd8 54. Kg4 Bf6 1/2-1/2

[Event "Thursday 11 January Rapid Engine Tour 12+1 Rounds 9 Starts 1600 ST"]
[Site "Infinity Chess"]
[Date "2018.1.11"]
[Round "4"]
[White "RonWeasley"]
[Black "hafaba"]
[Result "1/2-1/2"]
[ECO "A00"]
[WhiteElo "2431"]
[BlackElo "2441"]
[WhiteEngine "BrainFish 060118_CTG"]
[BlackEngine "Stockfish SL 07012018 POPCNT_CTG"]
[EventType "Swiss"]
[WhiteTeam ""]
[BlackTeam ""]
[PlyCount "120"]
[TimeControl "720+1"]

1. a3 Nf6 2. d4 d5 3. Nf3 c5 4. e3 cxd4 5. exd4 Bf5 6. Bd3 Bxd3 7. Qxd3 e6 
8. Bf4 Nc6 9. Qb3 Qb6 10. Qxb6 axb6 11. Nbd2 Nh5 12. Be3 Nf6 13. O-O-O Bd6 
14. c3 h6 15. Kc2 b5 16. h3 Ke7 17. Ne1 Na5 18. Nd3 Nc4 19. Rde1 Nxe3+ 
20. Rxe3 g5 21. h4 g4 22. Rf1 h5 23. Nb3 Ne4 24. Nd2 Nf6 25. Ree1 Rhc8 
26. Nb3 Ne4 27. Nd2 Nf6 28. Nb3 Rg8 29. Nbc5 Ra7 30. Re3 Rf8 31. Re2 Rc8 
32. Nb3 Raa8 33. Re3 Ng8 34. g3 Nh6 35. Ree1 Nf5 36. Kd2 Kf6 37. Nbc1 Kg6 
38. Ne2 Rh8 39. Kc2 Kg7 40. Rg1 Rac8 41. Rh1 f6 42. Rd1 Ne7 43. Ndf4 Kf7 
44. Rhe1 Bc7 45. Rf1 Bd6 46. Kb3 Nf5 47. Kc2 Bxf4 48. Nxf4 Nd6 49. Rfe1 Ne4 
50. Re2 Rc4 51. Kd3 Re8 52. Rf1 Rd8 53. Nxh5 Rdc8 54. Re3 Nxc3 55. bxc3 Rxc3+ 
56. Ke2 Rc2+ 57. Kd1 Rc1+ 58. Ke2 R1c2+ 59. Kd1 Rc1+ 60. Ke2 R1c2+ 1/2-1/2

[Event "Thursday 11 January Rapid Engine Tour 12+1 Rounds 9 Starts 1600 ST"]
[Site "Infinity Chess"]
[Date "2018.1.11"]
[Round "4"]
[White "Vimtiroba"]
[Black "Dovahkiin"]
[Result "1/2-1/2"]
[ECO "D30"]
[WhiteElo "2465"]
[BlackElo "2440"]
[WhiteEngine "AsmFish@J10V2_CTG"]
[BlackEngine "BrainFish_180106_x64_modern_CTG"]
[EventType "Swiss"]
[WhiteTeam ""]
[BlackTeam ""]
[PlyCount "115"]
[TimeControl "720+1"]

1. d4 d5 2. c4 e6 3. g3 Nf6 4. Nf3 Be7 5. Bg2 O-O 6. O-O dxc4 7. Qc2 a6 
8. a4 Bd7 9. Qxc4 Bc6 10. Bf4 Bd6 11. Bg5 Nbd7 12. Nc3 h6 13. Bxf6 Nxf6 
14. Rac1 Qe7 15. Rfd1 Bd5 16. Qd3 Bb4 17. Qc2 Bxf3 18. Bxf3 c6 19. Qb3 a5 
20. Na2 Bd6 21. Rc4 Rad8 22. Nc1 Nd5 23. e3 Nb4 24. Nd3 Nxd3 25. Rxd3 Bb4 
26. Rc1 g6 27. h4 g5 28. hxg5 hxg5 29. e4 Kg7 30. Qd1 Rh8 31. d5 cxd5 
32. exd5 Qd6 33. Be4 Qe5 34. Qg4 Rh6 35. dxe6 Rxd3 36. Bxd3 Rxe6 37. Bf5 Bd2 
38. Rd1 Rf6 39. Be4 Qxb2 40. Qh5 Rh6 41. Qe2 Rd6 42. Rb1 Qd4 43. Rxb7 Re6 
44. Qh5 Qxe4 45. Qxf7+ Kh6 46. Qf8+ Kh5 47. Qf7+ Kg4 48. f3+ Qxf3 49. Qxe6+ Kxg3 
50. Rb3 Bc3 51. Qd6+ Kg4 52. Qe6+ Kg3 53. Qd6+ Kg4 54. Qd7+ Kh4 55. Qh7+ Kg4 
56. Qd7+ Kh4 57. Qh7+ Kg4 58. Qd7+ 1/2-1/2

[Event "Thursday 11 January Rapid Engine Tour 12+1 Rounds 9 Starts 1600 ST"]
[Site "Infinity Chess"]
[Date "2018.1.11"]
[Round "4"]
[White "Susanne"]
[Black "MGR"]
[Result "1/2-1/2"]
[ECO "C50"]
[WhiteElo "2470"]
[BlackElo "2482"]
[WhiteEngine "asmFishW_20_bmi2_CTG"]
[BlackEngine "Raubfisch ME262_GTZ16b2"]
[EventType "Swiss"]
[WhiteTeam ""]
[BlackTeam ""]
[PlyCount "91"]
[TimeControl "720+1"]

1. e4 e5 2. Nf3 Nc6 3. Bc4 Bc5 4. O-O Nf6 5. d3 d6 6. c3 O-O 7. Nbd2 a5 
8. Re1 Ba7 9. h3 Be6 10. b3 h6 11. a4 d5 12. exd5 Nxd5 13. Ne4 Re8 14. Bd2 Nf6 
15. Qe2 Qe7 16. Ng3 Bxc4 17. bxc4 Bc5 18. Rad1 Rad8 19. Bc1 Qd7 20. Nh4 b6 
21. Be3 Bxe3 22. fxe3 Ne7 23. Rf1 Nh7 24. Nhf5 Nxf5 25. Nxf5 Kh8 26. Qg4 f6 
27. c5 bxc5 28. Qc4 Qd5 29. Qb5 Ng5 30. c4 Qd7 31. Qxa5 Ra8 32. Qxc5 Rxa4 
33. Qd5 Rd8 34. Qb7 c5 35. Qb6 Ne6 36. Nxh6 Rb4 37. Qa6 Ra4 38. Qb6 Rb4 
39. Qa6 gxh6 40. Rxf6 Re8 41. Rxh6+ Kg7 42. Rh5 Ra4 43. Qb6 Rb4 44. Qa6 Ra4 
45. Qb6 Rb4 46. Qa6 1/2-1/2

[Event "Thursday 11 January Rapid Engine Tour 12+1 Rounds 9 Starts 1600 ST"]
[Site "Infinity Chess"]
[Date "2018.1.11"]
[Round "4"]
[White "Gilgamesch"]
[Black "Marsell"]
[Result "1/2-1/2"]
[ECO "C55"]
[WhiteElo "2506"]
[BlackElo "2476"]
[WhiteEngine "BrainFish_171005_x64_bmi2"]
[BlackEngine "asmFishW_2018-01-11_popcnt"]
[EventType "Swiss"]
[WhiteTeam ""]
[BlackTeam ""]
[PlyCount "85"]
[TimeControl "720+1"]

1. e4 e5 2. Nf3 Nc6 3. Bc4 Nf6 4. d3 Bc5 5. O-O d6 6. c3 O-O 7. h3 a6 8. Re1 Ba7 
9. a4 h6 10. Nbd2 Re8 11. b4 Be6 12. Bxe6 Rxe6 13. Qc2 Qd7 14. Rb1 Ree8 
15. Nf1 b5 16. Ra1 d5 17. Be3 Bxe3 18. Nxe3 Rad8 19. Rec1 Re6 20. Rd1 Ree8 
21. Rac1 Qe6 22. Nd2 Ne7 23. Nb3 bxa4 24. Nc5 Qc6 25. Ra1 a5 26. Rxa4 Ra8 
27. Rda1 axb4 28. cxb4 Rxa4 29. Rxa4 Rb8 30. Kh2 Rb5 31. f3 Rb6 32. Kh1 Nh5 
33. Qa2 Qd6 34. exd5 Ng3+ 35. Kg1 Rxb4 36. Rxb4 Qxc5 37. Rb8+ Kh7 38. d4 Qc1+ 
39. Kf2 Nh1+ 40. Ke2 Ng3+ 41. Kf2 Nh1+ 42. Ke2 Ng3+ 43. Kf2 1/2-1/2

[Event "Thursday 11 January Rapid Engine Tour 12+1 Rounds 9 Starts 1600 ST"]
[Site "Infinity Chess"]
[Date "2018.1.11"]
[Round "4"]
[White "THE_MACHINE"]
[Black "Harry_Potter"]
[Result "1/2-1/2 "]
[ECO "C50"]
[WhiteElo "2517"]
[BlackElo "2525"]
[WhiteEngine "Houdini 6"]
[BlackEngine "asmFishW_2018-01-11_bmi2_CTG"]
[EventType "Swiss"]
[WhiteTeam ""]
[BlackTeam ""]
[PlyCount "134"]
[TimeControl "720+1"]

1. e4 e5 2. Nf3 Nc6 3. Bc4 Bc5 4. O-O Nf6 5. d3 d6 6. c3 a5 7. Re1 O-O 
8. Nbd2 h6 9. h3 Be6 10. a4 Ba7 11. b3 d5 12. exd5 Nxd5 13. Ne4 Re8 14. Bd2 Nf6 
15. Qe2 Qe7 16. Rab1 Rad8 17. Bb5 Bd5 18. c4 Bxe4 19. dxe4 Nh5 20. Bxc6 bxc6 
21. Kf1 Qe6 22. Red1 Nf4 23. Bxf4 exf4 24. e5 Qf5 25. Rxd8 Rxd8 26. Re1 Kh7 
27. Qe4 Qxe4 28. Rxe4 Rd3 29. e6 fxe6 30. Rxe6 c5 31. Ne5 Rxb3 32. h4 Ra3 
33. Ke2 h5 34. Re8 Bb6 35. Rd8 Rxa4 36. Kd3 Ra2 37. Ke4 c6 38. Rc8 Rd2 
39. Rxc6 Bd8 40. Rxc5 a4 41. Nc6 Bf6 42. Rxh5+ Kg8 43. Ra5 Rxf2 44. Rxa4 Rxg2 
45. Kxf4 Rh2 46. Ra8+ Kh7 47. Ke4 Rxh4+ 48. Kd5 Rf4 49. Ra7 Kh6 50. c5 g5 
51. Ne7 g4 52. c6 Bxe7 53. Rxe7 Rf2 54. Re6+ Kg5 55. c7 Rd2+ 56. Kc6 Rc2+ 
57. Kb7 Rxc7+ 58. Kxc7 g3 59. Re5+ Kg4 60. Re1 Kf3 61. Ra1 g2 62. Ra3+ Ke2 
63. Ra1 Kf3 64. Kc6 Kg3 65. Kd7 Kf2 66. Ra2+ Kf1 67. Ra1+ Ke2 1/2-1/2

[Event "Thursday 11 January Rapid Engine Tour 12+1 Rounds 9 Starts 1600 ST"]
[Site "Infinity Chess"]
[Date "2018.1.11"]
[Round "4"]
[White "Wolle"]
[Black "xeonrocks"]
[Result "1/2-1/2"]
[ECO "C53"]
[WhiteElo "2464"]
[BlackElo "2525"]
[WhiteEngine "Raubfisch X37a2_CTG"]
[BlackEngine "asmFishW_CTG"]
[EventType "Swiss"]
[WhiteTeam ""]
[BlackTeam ""]
[PlyCount "91"]
[TimeControl "720+1"]

1. e4 e5 2. Nf3 Nc6 3. Bc4 Bc5 4. c3 Nf6 5. d3 d6 6. O-O O-O 7. h3 a5 8. Nbd2 h6 
9. Re1 Be6 10. b3 Ba7 11. Nf1 d5 12. exd5 Nxd5 13. Bd2 Qf6 14. Rc1 Rad8 
15. N1h2 Nf4 16. Bxf4 Bxc4 17. bxc4 Qxf4 18. Qc2 f5 19. Rb1 e4 20. dxe4 Bxf2+ 
21. Kxf2 fxe4 22. Qxe4 Qxh2 23. Re2 Rf4 24. Rxb7 Rxe4 25. Nxh2 Rxc4 
26. Rxc7 Rxc3 27. Nf3 Rf8 28. Re4 Rf6 29. Rc8+ Rf8 30. Rc7 Rc2+ 31. Kg3 Rf5 
32. Re8+ Rf8 33. Rxf8+ Kxf8 34. Kf4 a4 35. Ke3 Rxa2 36. Rxc6 Rxg2 37. h4 a3 
38. Ra6 g5 39. h5 g4 40. Nd4 Rh2 41. Rxh6 a2 42. Ra6 Rxh5 43. Rxa2 Kf7 
44. Ra7+ Kg6 45. Kf4 g3 46. Kxg3 1/2-1/2

[Event "Thursday 11 January Rapid Engine Tour 12+1 Rounds 9 Starts 1600 ST"]
[Site "Infinity Chess"]
[Date "2018.1.11"]
[Round "3"]
[White "Satria_Ungu"]
[Black "SkyPilot"]
[Result "1/2-1/2"]
[ECO "E20"]
[WhiteElo "2380"]
[BlackElo "2446"]
[WhiteEngine "Houdini 6"]
[BlackEngine "stockfish_x64_bmi2_2018_01_01_CTG"]
[EventType "Swiss"]
[WhiteTeam ""]
[BlackTeam ""]
[PlyCount "169"]
[TimeControl "720+1"]

1. d4 Nf6 2. c4 e6 3. Nc3 d5 4. Nf3 c6 5. Bg5 h6 6. Bxf6 Qxf6 7. e3 Nd7 
8. Be2 g6 9. O-O Bg7 10. e4 dxe4 11. Nxe4 Qf4 12. Qc2 f5 13. Nc3 Bxd4 14. g3 Qd6 
15. Rad1 e5 16. Rfe1 O-O 17. Qd2 Qf6 18. Nxd4 exd4 19. Qxd4 Qxd4 20. Rxd4 Re8 
21. Na4 Nf6 22. f4 Be6 23. b3 Red8 24. Rxd8+ Rxd8 25. Bf3 Bc8 26. Kf2 Kf7 
27. Ke2 g5 28. Rd1 Re8+ 29. Kf1 g4 30. Bg2 h5 31. Kf2 h4 32. Nc5 h3 33. Bh1 a6 
34. b4 Re7 35. a4 Nd7 36. Nd3 Re6 37. c5 Ke7 38. Rd2 Ke8 39. Rc2 Kd8 40. Rb2 Kc7 
41. Rd2 Re8 42. a5 Rd8 43. Ke3 Nf6 44. Ne5 Rxd2 45. Kxd2 Be6 46. Kc3 Ng8 
47. Ng6 Nh6 48. Ne5 Nf7 49. Nd3 Nh8 50. Ne5 Nf7 51. Nd3 Kd7 52. Nb2 Nh8 
53. Na4 Kd8 54. Kd4 Ng6 55. Ke3 Bc4 56. Kd4 Bf1 57. Ke3 Nf8 58. Nb2 Ne6 
59. Nd3 Nc7 60. Ne5 Ke7 61. Kf2 Bb5 62. Ke3 Bf1 63. Kf2 Bb5 64. Ke3 Ne6 
65. Ng6+ Kf6 66. Ne5 Ke7 67. Ng6+ Kf6 68. Ne5 Kg7 69. Nd7 Bf1 70. Kf2 Bb5 
71. Ke3 Nc7 72. Ne5 Kf6 73. Kd2 Ne8 74. Nd3 Ke7 75. Nb2 Nc7 76. Nd1 Bc4 
77. Ne3 Be6 78. Kc3 Kf6 79. Kd4 Bf7 80. Kd3 Be6 81. Kc3 Ba2 82. Kb2 Be6 
83. Kc3 Kf7 84. Kd4 Kf6 85. Kc3 1/2-1/2